 Dungeon Crawl Stone Soup version 0.28.0-53-g5a82cb258f (webtiles) character file.

Game seed: 10078217107408240930

720 styxcanada the Covert (level 7, -4/35 HPs)
             Began as a Spriggan Brigand on Aug 1, 2022.
             Splashed by a jelly's acid (8 damage)
             ... on level 4 of the Dungeon on Aug 2, 2022.
             The game lasted 00:15:23 (3703 turns).

styxcanada the Covert (Spriggan Brigand)            Turns: 3703, Time: 00:15:25

Health: -4/35      AC: -4    Str:  7    XL:     7   Next: 42%
Magic:  11/11      EV: 19    Int: 13    God:
Gold:   134        SH:  0    Dex: 18    Spells: 8/10 levels left

rFire   . . .      SeeInvis +   d - +1 dagger (venom)
rCold   . . .      Faith    .   (no shield)
rNeg    . . .      Spirit   .   b - +0 robe
rPois   .          Reflect  .   (helmet restricted)
rElec   .          Harm     .   c - +1 cloak
rCorr   .          Rampage  .   (gloves unavailable)
Will    +....                   (boots unavailable)
Stlth   +++++.....              (no amulet)
HPRegen 0.11/turn               (no ring)
MPRegen 0.12/turn               (no ring)

@: corroded, very quick
A: very small, no large weapons, unfitting armour, see invisible, speed 3
a: no special abilities


You were on level 4 of the Dungeon.
You visited 1 branch of the dungeon, and saw 4 of its levels.

You collected 146 gold pieces.
You spent 12 gold pieces at shops.

Inventory:

Hand Weapons
 a - a +2 dagger
 d - a +1 dagger of venom (weapon)
 l - a +0 hunting sling
 q - a +3 quarterstaff of chaos
Missiles
 e - 5 curare-tipped darts (quivered)
 i - a throwing net
 k - 151 stones
 o - 16 poisoned darts
Armour
 b - a +0 robe (worn)
 c - a +1 cloak (worn)
Wands
 r - a wand of acid (10)
Scrolls
 p - a scroll of teleportation
 s - a scroll of magic mapping {unknown}
Potions
 f - 2 potions of flight
 g - a potion of curing {unknown}
 h - 2 potions of might {unknown}
 j - 2 potions of heal wounds {unknown}
 m - a potion of cancellation {unknown}
 n - a potion of mutation {unknown}


   Skills:
 * Level 2.7 Fighting
 + Level 3.7 Short Blades
 + Level 2.6 Throwing
 * Level 4.0 Dodging
 * Level 10.1 Stealth
 * Level 2.0 Spellcasting
 * Level 1.9 Hexes
 * Level 1.2 Ice Magic


You had 8 spell levels left.
You knew the following spells:

 Your Spells              Type           Power      Damage    Failure   Level
a - Ensorcelled Hibernat  Hex/Ice        10%        N/A       21%         2

Your spell library contained the following spells:

 Spells                   Type           Power      Damage    Failure   Level
 Passwall                 Tmut/Erth      0%         N/A       36%         2
 Swiftness                Air            1%         N/A       58%         3
 Hailstorm                Conj/Ice       2%         3d3       89%         4
 Ice Form                 Ice/Tmut       2%         N/A       89%         4
 Simulacrum               Ice/Necr       1%         N/A       100%        6


Dungeon Overview and Level Annotations

Branches:
Dungeon (4/15)
 Temple: D:4-7

Altars:
Dithmenos
The Shining One

Shops:
D:2 (!(


Innate Abilities, Weirdness & Mutations

You are very small and have problems with some larger weapons.
You are too small for most types of armour.
You have supernaturally acute eyesight. (SInv)
You cover ground extremely quickly. (Speed+++)


Message History

The jackal is severely wounded.
The jackal misses you. The jackal bites you.
The jackal bites you but does no damage.
You hit the jackal but do no damage.
The jackal is poisoned.
The jackal is severely wounded.
The jackal misses you. x2; The jackal closely misses you.
You hit the jackal.
You kill the jackal!
The jackal bites you.
You closely miss the jackal.
The jackal is severely wounded.
The jackal bites you but does no damage.
You hit the jackal.
You kill the jackal!
s - a scroll labelled FUFUNU ZUOMU You hear the brisk rusting of a very distant drain.
You hear a distant slurping noise.
A jelly comes into view.
An orc comes into view. It is wielding a +0 dagger.
The jelly quivers.
You hit the jelly. The acid corrodes you!
Your hands burn!
The jelly is lightly wounded.
The jelly hits you.
You are splashed with acid!
You hit the jelly but do no damage.
Your hands burn!
The jelly is lightly wounded.
You hit the jelly but do no damage.
Your hands burn!
The jelly is lightly wounded.
The jelly completely misses you.
You hit the jelly.
Your hands burn!
* * * LOW HITPOINT WARNING * * *
The jelly is lightly wounded.
The jelly misses you.
You hit the jelly but do no damage.
The jelly is poisoned.
The acid corrodes you!
Your hands burn!
* * * LOW HITPOINT WARNING * * *
The jelly is lightly wounded.
The jelly hits you.
* * * LOW HITPOINT WARNING * * *
You are splashed with acid!
You die...

..... ##..............###
.....###.............###
.......>........##....#
..........#....# ##.#.# ..
.......?..####.###....#
.........##...###...#.....#
...... ###..#..........#
####'########........).....#
#.......#......@J.........##
.#.......#................##
o#...#...#................#
.'..........#..........).##
#...#...#..#......#.....###
#.......##.......###......#
#.......##........##.....##
####.######..............##
#.......##...#......#.....##


You could see a jelly (very poisoned).

Vanquished Creatures
  Pikel (D:4)
  Crazy Yiuf (D:3)
  Ijyb (D:4)
  Terence (D:2)
  Robin (D:2)
  4 adders
  An ufetubus (D:4)
  2 worms
  A dart slug (D:2)
  2 orcs (D:3)
  5 endoplasms
  2 giant cockroaches (D:1)
  16 goblins
  8 hobgoblins
  10 jackals
  13 kobolds
  3 quokkas
  8 ball pythons
  6 bats
  5 frilled lizards
  11 rats
102 creatures vanquished.

Vanquished Creatures (others)
  6 fungi (D:2)
  5 plants (D:2)
11 creatures vanquished.

Grand Total: 113 creatures vanquished

Notes
Turn   | Place    | Note
-------+----------+-------------------------------------------
     0 | D:1      | styxcanada the Spriggan Brigand began the quest for the
                  | Orb.
     0 | D:1      | Reached XP level 1. HP: 10/10 MP: 2/2
    23 | D:1      | Reached skill level 6 in Stealth
   324 | D:1      | Reached XP level 2. HP: 9/14 MP: 3/3
   826 | D:1      | Reached XP level 3. HP: 18/18 MP: 4/4
  1291 | D:2      | Noticed Terence
  1294 | D:2      | Found a glowing golden altar of the Shining One.
  1298 | D:2      | Killed Terence
  1299 | D:2      | Reached skill level 7 in Stealth
  1428 | D:2      | Reached XP level 4. HP: 19/23 MP: 5/5
  1535 | D:2      | Noticed Robin
  1581 | D:2      | Killed Robin
  1915 | D:2      | Found Kytsu's Distillery.
  1930 | D:2      | Bought a potion of degeneration for 12 gold pieces
  2030 | D:2      | Found Poanay's Weapon Boutique.
  2206 | D:2      | Found Toycir's Antique Weapon Shop.
  2350 | D:2      | Found a faded altar of an unknown god.
  2469 | D:3      | Reached XP level 5. HP: 26/26 MP: 6/6
  2477 | D:3      | Learned a level 2 spell: Ensorcelled Hibernation
  2727 | D:3      | Found a shadowy altar of Dithmenos.
  2896 | D:3      | Reached skill level 8 in Stealth
  3261 | D:3      | Found a runed translucent door.
  3262 | D:3      | Noticed Crazy Yiuf
  3269 | D:3      | Killed Crazy Yiuf
  3339 | D:4      | Noticed a lemure
  3339 | D:4      | Noticed a lemure
  3340 | D:4      | Noticed Pikel
  3340 | D:4      | Noticed a lemure
  3341 | D:4      | Noticed a lemure
  3364 | D:4      | Killed Pikel
  3365 | D:4      | Reached skill level 10 in Stealth
  3365 | D:4      | Reached skill level 1 in Hexes
  3365 | D:4      | Reached skill level 1 in Ice Magic
  3365 | D:4      | Reached XP level 6. HP: 12/32 MP: 7/10
  3365 | D:4      | Reached XP level 7. HP: 13/35 MP: 7/11
  3590 | D:4      | Noticed Ijyb
  3597 | D:4      | Killed Ijyb
  3703 | D:4      | Splashed by a jelly's acid

Illustrated notes

Levels and vault maps discovered:
D:1:      elethiomel_arrival_diamonds, layout_basic
D:2:      minmay_angry_zag, layout_basic, basic_altar, serial_shops,
          nicolae_shop_window_shopping, shop, shop,
          shapermc_ecumenical_altar_mp_ritualfount, kennysheep_potato,
          uniq_robin, uniq_terence
D:3:      layout_basic, grunt_dithmenos_smoke, kennysheep_generic_room_16,
          uniq_crazy_yiuf_cottage
D:4:      layout_cave_pools, grunt_temple_overflow_growth_and_decay,
          portal_sewer_entry_e, kennysheep_generic_room_11, uniq_pikel,
          uniq_ijyb

Skill      XL: |  1  2  3  4  5 |
---------------+----------------+-----
Stealth        | 6 7 10 | 10.1
Dodging        | 2 4 |  4.0
Fighting       | 2 |  2.7
Short Blades   | 3 |  3.7
Spellcasting   | 2 |  2.0
Hexes          | 1 |  1.9
Ice Magic      | 1 |  1.2
Throwing       | |  2.6

Action                   |  1- 3 |  4- 6 |  7- 9 || total
-------------------------+-------+-------+-------++-------
Melee: Dagger            |   111 |   118 |    13 ||   242
       Punch             |     3 |       |       ||     3
Throw: Dart              |     6 |    18 |     5 ||    29
  Use: Scroll            |       |     7 |     1 ||     8
 Stab: Sleeping          |    12 |    15 |       ||    27
Armor: Robe              |    14 |    12 |     4 ||    30
Dodge: Dodged            |    94 |    70 |    12 ||   176
